 Dungeon Crawl Stone Soup version 0.25-a0-927-g39f137c8b7 (webtiles) character file.

Game seed: 4218061943993252904, levelgen mode: deterministic

2143 Anathary the Firebug (level 9, 0/49 HPs)
             Began as a Tengu Fire Elementalist on May 3, 2020.
             Was a Follower of Sif Muna.
             Succumbed to a killer bee's poison
             ... on level 8 of the Dungeon.
             The game lasted 00:39:43 (10522 turns).

Anathary the Firebug (Tengu Fire Elementalist)     Turns: 10522, Time: 00:39:44

Health: 0/49       AC:  3    Str: 10    XL:     9   Next: 30%
Magic:  17/18      EV: 18    Int: 18    God:    Sif Muna [*.....]
Gold:   270        SH:  0    Dex: 14    Spells: 17/18 levels left

rFire    . . .     SeeInvis .   e - +3 dagger (distort)
rCold    . . .     Gourm    .   (no shield)
rNeg     . . .     Faith    .   a - +1 robe
rPois    .         Spirit   .   (helmet restricted)
rElec    .         Reflect  .   j - scarf {repulsion}
rCorr    .         Harm     .   (no gloves)
MR       .....                  (boots unavailable)
Stlth    +++.......             (no amulet)
HPRegen  0.16/turn              (no ring)
MPRegen  0.16/turn              (no ring)

@: lethally poisoned (0 -> -11), flying quickly and evasively, repel missiles,
quick
A: beak, talons 3, able to fly
a: Stop Flying, Channel Magic, Renounce Religion


You were on level 8 of the Dungeon.
You worshipped Sif Muna.
Sif Muna was aware of your devotion.
You were not hungry.

You visited 2 branches of the dungeon, and saw 9 of its levels.

You collected 270 gold pieces.

Inventory:

Hand Weapons
 e - a +3 dagger of distortion (weapon)
Armour
 a - a +1 robe (worn)
 j - a scarf of repulsion (worn)
Jewellery
 d - an uncursed ring of protection from cold
Wands
 g - a wand of polymorph (14)
 p - a wand of digging (5)
 r - a wand of flame (21)
 s - a wand of acid (11)
Scrolls
 b - a scroll of amnesia
 f - 6 scrolls of identify
 n - a scroll of enchant armour
 q - a scroll of remove curse
Potions
 h - 6 potions of curing
 i - a potion of mutation
 k - 2 potions of heal wounds
 l - 2 potions of stabbing
 m - a potion of berserk rage {unknown}
 o - a potion of magic
Comestibles
 c - 6 rations


   Skills:
 + Level 2.9 Fighting
 + Level 4.1 Short Blades
 + Level 5.3 Dodging
 + Level 4.2 Stealth
 + Level 5.4 Spellcasting
 + Level 6.5 Conjurations
 + Level 6.8 Fire Magic


You had 17 spell levels left.
You knew the following spells:

 Your Spells              Type           Power        Failure   Level  Hunger
a - Foxfire               Conj/Fire      ####         1%          1    None

Your spell library contained the following spells:

 Spells                   Type           Power        Failure   Level  Hunger
 Conjure Flame            Conj/Fire      ####....     2%          3    ##.....
 Shock                    Conj/Air       ###.         3%          1    None
 Sticky Flame             Conj/Fire      ####....     9%          4    ####...
 Inner Flame              Hex/Fire       ###.....     10%         3    ##.....
 Freeze                   Ice            #...         13%         1    None
 Infusion                 Chrm           #...         13%         1    None
 Summon Butterflies       Summ           #.......     13%         1    None
 Summon Small Mammal      Summ           #...         13%         1    None
 Fireball                 Conj/Fire      ####......   22%         5    ######.
 Confusing Touch          Hex            #.......     36%         3    ##.....
 Gell's Gravitas          Tloc           #.........   36%         3    ##.....
 Petrify                  Tmut/Erth      #.......     77%         4    ####...
 Metabolic Englaciation   Hex/Ice        #.........   98%         5    ######.
 Yara's Violent Unravell  Hex/Tmut       #.........   98%         5    ######.


Dungeon Overview and Level Annotations

Branches:
Dungeon (8/15)             Temple (1/1) D:5
   Lair: D:8-11

Altars:
Ashenzari
Cheibriados
Dithmenos
Elyvilon
Fedhas
Gozag
Hepliaklqana
Kikubaaqudgha
Makhleb
Nemelex Xobeh
Okawaru
Qazlal
Ru
Sif Muna
Trog
Uskayaw
Vehumet
Wu Jian
Xom
Yredelemnul
Zin
The Shining One

Shops:
D:6 [}

Annotations:
Abyss:1 Robin


Innate Abilities, Weirdness & Mutations

You have a beak for a mouth.
You have claws for feet.
You can fly continuously.


Message History

You hit the hound but do no damage.
Space warps horribly around the hound!!
You kill the hound!
Sif Muna accepts your kill.
You feel sick.
You hear a bellow!
The death yak gores you!
* * * LOW HITPOINT WARNING * * *
You hear a shout!
You hit the centaur zombie.
Space warps horribly around the centaur zombie!
You claw the centaur zombie.
The centaur zombie is severely damaged.
* * * LOW HITPOINT WARNING * * *
You feel sick.
You hear a bellow!
The centaur zombie closely misses you. The death yak misses you.
You hear a shout!
You hit the centaur zombie.
The centaur zombie is devoured by a tear in reality.
You die...

#####.#######.........
......!..............
#####.#######..# ...$
##...######..# ...
#............# #y.
##...#######.# #.#
##.## #.# #.# #.#
#.###(#.# #.#
#.Y@§c..# #+#
#####r### #.# #.# #Z#
#.# .r. ..


You could see a death yak, a centaur and a quokka.

Vanquished Creatures
  Edmund (D:6)
  An orc warrior (D:6)
  An ice beast (D:5)
  A phantom (D:6)
  2 black bears (D:6)
  An ogre (D:6)
  2 centaurs (D:5)
  5 bullfrogs
  2 scorpions
  A killer bee (D:8)
  A crimson imp (D:5)
  4 hounds
  An orc priest (D:5)
  A bullfrog skeleton (D:5)
  Jessica (D:2)
  2 centaur skeletons
  An iguana (D:6)
  Terence (D:3)
  3 orc wizards
  6 adders
  A shadow imp (D:7)
  2 oozes
  An adder skeleton (D:5)
  2 worms
  4 dart slugs
  5 leopard geckos
  16 orcs
  2 ball pythons
  7 bats
  10 giant cockroaches
  17 goblins
  8 hobgoblins
  22 jackals
  7 kobolds
  5 quokkas
  7 frilled lizards
  A jackal skeleton (D:2)
  A leopard gecko zombie (D:6)
  3 rats
159 creatures vanquished.

Vanquished Creatures (others)
  A wyvern skeleton (D:8)
  A killer bee (D:8)
  A crimson imp (D:6)
  A centaur zombie (D:8)
  An orc wizard (D:6)
  A killer bee zombie (D:8)
  A shadow imp (D:5)
  A leopard gecko (D:2)
  A giant cockroach (D:4)
  A hobgoblin (D:1)
  A jackal (D:6)
  295 foxfires
306 creatures vanquished.

Grand Total: 465 creatures vanquished

Notes
Turn   | Place    | Note
-------+----------+-------------------------------------------
     0 | D:1      | Anathary the Tengu Fire Elementalist began the quest for
                  | the Orb.
     0 | D:1      | Reached XP level 1. HP: 10/10 MP: 4/4
   348 | D:1      | Reached XP level 2. HP: 15/15 MP: 4/6
   890 | D:1      | Reached XP level 3. HP: 14/19 MP: 1/7
  1659 | D:2      | Noticed Robin
  1666 | D:2      | Banished Robin
  1670 | D:2      | Reached XP level 4. HP: 12/24 MP: 6/8
  2277 | D:2      | Noticed Jessica
  2287 | D:2      | Killed Jessica
  2287 | D:2      | Gained mutation: You can fly continuously. [Tengu growth]
  2287 | D:2      | Reached XP level 5. HP: 23/28 MP: 8/10
  2634 | D:3      | Found a faded altar of an unknown god.
  2704 | D:3      | Noticed Terence
  2719 | D:3      | Killed Terence
  2719 | D:3      | Reached skill level 1 in Short Blades
  3478 | D:3      | Reached XP level 6. HP: 33/33 MP: 8/11
  5029 | D:5      | Entered Level 5 of the Dungeon
  5379 | D:5      | Noticed an ice beast
  5385 | D:5      | Killed an ice beast
  5547 | D:5      | Reached XP level 7. HP: 33/37 MP: 11/13
  5568 | D:5      | Reached skill level 5 in Fire Magic
  5590 | D:5      | Reached skill level 1 in Fighting
  5640 | D:5      | Found a burning altar of Makhleb.
  5844 | D:5      | Found a staircase to the Ecumenical Temple.
  5857 | Temple   | Entered the Ecumenical Temple
  5928 | Temple   | Became a worshipper of Sif Muna the Loreminder
  7062 | D:6      | Reached XP level 8. HP: 43/43 MP: 11/15
  7070 | D:6      | Reached skill level 5 in Conjurations
  7114 | D:6      | Found Vofahuc's Gadget Shoppe.
  8244 | D:6      | Reached * piety under Sif Muna
  8261 | D:6      | Reached skill level 5 in Spellcasting
  8289 | D:6      | Noticed Edmund
  8302 | D:6      | Killed Edmund
  8302 | D:6      | Reached skill level 5 in Dodging
  8317 | D:6      | Found an ornate altar of the Wu Jian Council.
  8559 | D:6      | Found Wipsaiqi's Antique Armour Emporium.
  8590 | D:6      | Reached XP level 9. HP: 49/49 MP: 17/17
  9640 | D:7      | Identified Katohup's First Steps in Magic
 10506 | D:8      | Noticed a death yak
 10520 | D:8      | HP: 2/49 [death yak (16)]
 10522 | D:8      | Succumbed to a killer bee's poison

Levels and vault maps discovered:
D:1:      ncdulo_smallfort, layout_basic
D:2:      layout_loops_ring, first_ration, uniq_jessica, uniq_robin
D:3:      layout_rooms, chequers_ecumenical_altar_simple_redux, dk_vineyard_1,
          uniq_terence
D:4:      layout_layer_cave
D:5:      layout_gridville, minmay_temple_entry_statues_fountains,
          makhleb_blood_cavern_becter
D:6:      layout_layer_cave, nicolae_overflow_crystal_walls, serial_shops, shop,
          nicolae_shop_waterfront, st_stairs_13, uniq_edmund
D:7:      layout_layer_cave
D:8:      layout_loops_corners, dpeg_lair_monsters, serial_shops, shop_scrolls,
          uniq_erica
Temple:   minmay_crystal_snake_temple

Skill      XL: |  1  2  3  4  5  6  7  8  9 |
---------------+----------------------------+-----
Fire Magic     | 4 5 6 |  6.8
Conjurations   | 2 3 4 6 |  6.5
Short Blades   | 1 2 3 4 |  4.1
Spellcasting   | 3 4 5 |  5.4
Dodging        | 3 5 |  5.3
Stealth        | 3 4 |  4.2
Fighting       | 1 2 |  2.9

Action                   |  1- 3 |  4- 6 |  7- 9 || total
-------------------------+-------+-------+-------++-------
Melee: Unarmed           |     3 |       |       ||     3
       Peck              |     3 |    10 |    13 ||    26
       Dagger            |    33 |   115 |   126 ||   274
       Kick              |     3 |    16 |    27 ||    46
 Cast: Foxfire           |    39 |    60 |    89 ||   188
 Abil: Fly               |       |     1 |       ||     1
  Use: Scroll            |       |    10 |     5 ||    15
 Stab: Sleeping          |       |     3 |     2 ||     5
  Eat: Ration            |     1 |     4 |     4 ||     9
Armor: Robe              |    10 |    13 |    10 ||    33
Dodge: Dodged            |    27 |    85 |   139 ||   251
       Repelled          |       |       |    12 ||    12

Table legend:
 A = Non-vault XP
 B = Vault XP
 C = Vault XP percentage of total XP
 D = Non-vault monster count
 E = Vault monster count
 F = Vault count percentage of total count
                 A         B        C        D         E       F
            +---------+---------+-------+---------+---------+-------
      Total |    2739 |     323 |  10.5 |     155 |      16 |   9.4
            +---------+---------+-------+---------+---------+-------
        D:1 |      37 |       0 |   0.0 |      17 |       0 |   0.0
        D:2 |      64 |      68 |  51.5 |      17 |      13 |  43.3
        D:3 |     150 |      36 |  19.4 |      33 |       1 |   2.9
        D:4 |      33 |       0 |   0.0 |      14 |       0 |   0.0
        D:5 |     690 |      43 |   5.9 |      23 |       1 |   4.2
        D:6 |    1376 |     176 |  11.3 |      40 |       1 |   2.4
        D:7 |      18 |       0 |   0.0 |       4 |       0 |   0.0
        D:8 |     371 |       0 |   0.0 |       7 |       0 |   0.0
            +---------+---------+-------+---------+---------+-------
